3AA
OTTAWA NATIONALS @ FT. POLK SOUTH THUNDER HAWKS
06/09/2030
 
TOP OF THE 1ST
Ottawa Nationals batting - Pitching for Ft. Polk South Thunder Hawks : RHP Allen Beach
Pitching: RHP Allen Beach
Batting: RHB José García 0-0: Swinging Strike
0-1: Ground out U3 (Groundball, 34)
Batting: RHB Vincente Fuentes 0-0: Ball
1-0: Ball
2-0: Ball
3-0: Swinging Strike
3-1: Base on Balls
Batting: RHB Jon Hounshell 0-0: Ball
1-0: Ball
2-0: Ball
3-0: Called Strike
3-1: SINGLE (Groundball, 6MD)
Vincente Fuentes to second
Batting: LHB Walt Lathon 0-0: Ball
1-0: Ball
2-0: Fly out, F4 (Popup, 4M)
Batting: RHB Mike Jennings 0-0: Called Strike
0-1: Fly out, F7 (Line Drive, 7)
Top of the 1st over - 0 runs, 1 hit, 0 errors, 2 left on base; Ottawa 0 - Ft. Polk South 0
BOTTOM OF THE 1ST
Ft. Polk South Thunder Hawks batting - Pitching for Ottawa Nationals : LHP Dong Zhào
Pitching: LHP Dong Zhào
Batting: RHB Peter Feng 0-0: Foul Ball, location: 2F
0-1: Ball
1-1: SINGLE (Groundball, 56D)
Batting: RHB Borja Berrios 0-0: Ball
1-0: Ball
2-0: Called Strike
2-1: Foul Ball, location: 2F
2-2: Ball
3-2: 2-RUN HOME RUN (Flyball, 7LD), Distance : 331 ft
Batting: RHB Erik Sterk 0-0: Called Strike
0-1: Swinging Strike
0-2: Foul Ball, location: 2F
0-2: Foul Ball, location: 2F
0-2: Foul Ball, location: 2F
0-2: Strikes out looking
Batting: RHB Luis Oliva 0-0: Called Strike
0-1: Ground out 5-3 (Groundball, 56S)
Batting: LHB Tim Stinson 0-0: Called Strike
0-1: Foul Ball, location: 2F
0-2: Ball
1-2: Ball
2-2: Foul Ball, location: 2F
2-2: Ball
3-2: Base on Balls
Batting: RHB Alejandro Santiago 0-0: Ball
1-0: Foul Ball, location: 2F
1-1: Ball
2-1: Ball
3-1: Base on Balls
Tim Stinson to second
Batting: RHB Chan-Wook Park 0-0: Hit by Pitch
Tim Stinson to third
Alejandro Santiago to second
Batting: LHB Ijsbrand Erkelens 0-0: Called Strike
0-1: Ball
1-1: Fielders Choice at 2nd, 5-4 (Groundball, 5)
Bottom of the 1st over - 2 runs, 2 hits, 0 errors, 3 left on base; Ottawa 0 - Ft. Polk South 2
TOP OF THE 2ND
Ottawa Nationals batting - Pitching for Ft. Polk South Thunder Hawks : RHP Allen Beach
Batting: RHB Ernest Daniels 0-0: Ball
1-0: Ball
2-0: Foul Ball, location: 2F
2-1: SINGLE (Groundball, 4MD)
Batting: RHB Alejandro Serrato 0-0: Fly out, F9 (Flyball, 9LS)
Batting: RHB Juan Román 0-0: Called Strike
0-1: Ball
1-1: SINGLE (Line Drive, 34D)
Ernest Daniels to second
Batting: LHB Manuel Sánchez 0-0: Swinging Strike
0-1: Foul Ball, location: 2F
0-2: 3-RUN HOME RUN (Flyball, 9LD), Distance : 336 ft
Batting: RHB José García 0-0: SINGLE (Line Drive, 7LS)
Batting: RHB Vincente Fuentes 0-0: Ball
José García steals 2nd base
1-0: Ball
2-0: SINGLE (Groundball, 6MD)
José García to third
Runner from 3rd tries for Home, SAFE, no throw
Batting: RHB Jon Hounshell 0-0: Called Strike
0-1: Foul Ball, location: 2F
0-2: TRIPLE (Flyball, 9D)
Vincente Fuentes scores
Batting: LHB Walt Lathon 0-0: Ball
1-0: Ball
Wild Pitch!
Jon Hounshell scores
2-0: Foul Ball, location: 2F
2-1: Foul Ball, location: 2F
2-2: Foul Ball, location: 2F
2-2: Strikes out swinging
Batting: RHB Mike Jennings 0-0: Called Strike
0-1: Called Strike
0-2: Ball
1-2: Foul Ball, location: 2F
1-2: Ball
2-2: Ground out 6-3 (Groundball, 6M)
Top of the 2nd over - 6 runs, 6 hits, 0 errors, 0 left on base; Ottawa 6 - Ft. Polk South 2
BOTTOM OF THE 2ND
Ft. Polk South Thunder Hawks batting - Pitching for Ottawa Nationals : LHP Dong Zhào
Batting: LHB Dallas Ihde 0-0: Ball
1-0: Ball
2-0: Called Strike
2-1: Foul Ball, location: 2F
2-2: Ball
3-2: Reached via error on a dropped throw, E3
Batting: RHB Peter Feng 0-0: Grounds into double play, 4-6-3 (Groundball, 4)
Batting: RHB Borja Berrios 0-0: Ball
1-0: Swinging Strike
1-1: Foul Ball, location: 2F
1-2: Strikes out swinging
Bottom of the 2nd over - 0 runs, 0 hits, 1 error, 0 left on base; Ottawa 6 - Ft. Polk South 2
TOP OF THE 3RD
Ottawa Nationals batting - Pitching for Ft. Polk South Thunder Hawks : RHP Allen Beach
Batting: RHB Ernest Daniels 0-0: Ball
1-0: Foul Ball, location: 2F
1-1: Foul Ball, location: 2F
1-2: SINGLE (Line Drive, 6D)
Batting: RHB Alejandro Serrato 0-0: Ball
1-0: Foul Ball, location: 2F
1-1: Ball
2-1: Ball
3-1: Swinging Strike
3-2: Foul Ball, location: 2F
3-2: Fly out, F8 (Flyball, 8LM)
Batting: RHB Juan Román 0-0: Ball
Ernest Daniels steals 2nd base
1-0: Swinging Strike
1-1: Foul Ball, location: 2F
1-2: Foul Ball, location: 2F
1-2: Foul Ball, location: 2F
1-2: Ball
2-2: Ball
3-2: Ground out 6-3 (Groundball, 56)
Batting: LHB Manuel Sánchez 0-0: Called Strike
0-1: SINGLE (Groundball, 15S) (infield hit)
Ernest Daniels to third
Batting: RHB José García 0-0: Called Strike
0-1: Ball
1-1: SINGLE (Flyball, 78S)
Ernest Daniels scores
Manuel Sánchez to second
Runner from 2nd tries for 3rd, SAFE, no throw
Pinch Runner at 3rd Jesús Mancía:
Batting: RHB Vincente Fuentes 0-0: Ball
1-0: Ball
José García steals 2nd base
2-0: Ground out 6-3 (Groundball, 6)
Top of the 3rd over - 1 run, 3 hits, 0 errors, 2 left on base; Ottawa 7 - Ft. Polk South 2
BOTTOM OF THE 3RD
Ft. Polk South Thunder Hawks batting - Pitching for Ottawa Nationals : LHP Dong Zhào
Now at 1B: Jesús Mancía
Batting: RHB Erik Sterk 0-0: Foul Ball, location: 2F
0-1: Ball
1-1: Ball
2-1: Ground out 5-3 (Groundball, 56)
Batting: RHB Luis Oliva 0-0: Foul Ball, location: 2F
0-1: Foul Ball, location: 2F
0-2: Ground out 5-3 (Groundball, 56)
Batting: LHB Tim Stinson 0-0: Ball
1-0: Ball
2-0: Ground out 4-3 (Groundball, 4)
Bottom of the 3rd over - 0 runs, 0 hits, 0 errors, 0 left on base; Ottawa 7 - Ft. Polk South 2
TOP OF THE 4TH
Ottawa Nationals batting - Pitching for Ft. Polk South Thunder Hawks : RHP Allen Beach
Batting: RHB Jon Hounshell 0-0: Fly out, F8 (Flyball, 8LD)
Batting: LHB Walt Lathon 0-0: Called Strike
0-1: Ball
1-1: Ball
2-1: Foul Ball, location: 2F
2-2: Ball
3-2: Foul Ball, location: 2F
3-2: Base on Balls
Batting: RHB Mike Jennings 0-0: Called Strike
0-1: Ground out 4-3 (Groundball, 34)
Walt Lathon to second
Batting: RHB Ernest Daniels 0-0: Foul Ball, location: 2F
0-1: Ball
1-1: Ball
2-1: Foul Ball, location: 2F
2-2: Ground out 4-3 (Groundball, 34)
Top of the 4th over - 0 runs, 0 hits, 0 errors, 1 left on base; Ottawa 7 - Ft. Polk South 2
BOTTOM OF THE 4TH
Ft. Polk South Thunder Hawks batting - Pitching for Ottawa Nationals : LHP Dong Zhào
Batting: RHB Alejandro Santiago 0-0: Foul Ball, location: 2F
0-1: Ball
1-1: Fly out, F8 (Flyball, 8RM)
Batting: RHB Chan-Wook Park 0-0: Ground out 5-3 (Groundball, 56S)
Batting: LHB Ijsbrand Erkelens 0-0: Swinging Strike
0-1: Foul Ball, location: 2F
0-2: Strikes out looking
Bottom of the 4th over - 0 runs, 0 hits, 0 errors, 0 left on base; Ottawa 7 - Ft. Polk South 2
TOP OF THE 5TH
Ottawa Nationals batting - Pitching for Ft. Polk South Thunder Hawks : RHP Allen Beach
Batting: RHB Alejandro Serrato 0-0: SINGLE (Groundball, 34S) (infield hit)
Batting: RHB Juan Román 0-0: Ball
1-0: Ground out 6-3 (Groundball, 6S)
Alejandro Serrato to second
Batting: LHB Jesús Mancía 0-0: Ball
1-0: Ball
2-0: Ball
3-0: Called Strike
3-1: Base on Balls
Batting: RHB José García 0-0: Ball
1-0: Called Strike
1-1: Called Strike
1-2: Ball
2-2: Ball
3-2: Foul Ball, location: 2F
3-2: Strikes out looking
Batting: RHB Vincente Fuentes 0-0: Called Strike
0-1: SINGLE (Groundball, 34D)
Alejandro Serrato to third
Jesús Mancía to second
Runner from 3rd tries for Home, SAFE, no throw
Batting: RHB Jon Hounshell 0-0: Called Strike
0-1: Swinging Strike
0-2: Foul Ball, location: 2F
0-2: Ball
1-2: Ball
2-2: Foul Ball, location: 2F
2-2: Fly out, F9 (Flyball, 9S)
Top of the 5th over - 1 run, 2 hits, 0 errors, 2 left on base; Ottawa 8 - Ft. Polk South 2
BOTTOM OF THE 5TH
Ft. Polk South Thunder Hawks batting - Pitching for Ottawa Nationals : LHP Dong Zhào
Batting: LHB Dallas Ihde 0-0: Ball
1-0: Called Strike
1-1: Called Strike
1-2: Foul Ball, location: 2F
1-2: Foul Ball, location: 2F
1-2: Foul Ball, location: 2F
1-2: Strikes out swinging, 2-3 out at first.
Batting: RHB Peter Feng 0-0: Ball
1-0: Ball
2-0: Ball
3-0: Base on Balls
Batting: RHB Borja Berrios 0-0: Ball
1-0: Fly out, F9 (Flyball, 89S)
Batting: RHB Erik Sterk 0-0: Called Strike
0-1: Ball
1-1: Swinging Strike
1-2: Fielders Choice at 2nd, 6-4 (Groundball, 6)
Bottom of the 5th over - 0 runs, 0 hits, 0 errors, 1 left on base; Ottawa 8 - Ft. Polk South 2
TOP OF THE 6TH
Ottawa Nationals batting - Pitching for Ft. Polk South Thunder Hawks : RHP Allen Beach
Pitching: LHP César Vásquez
Batting: LHB Walt Lathon 0-0: Ball
1-0: Called Strike
1-1: Ball
2-1: Swinging Strike
2-2: Ground out 4-3 (Groundball, 34)
Batting: RHB Mike Jennings 0-0: Ball
1-0: DOUBLE (Line Drive, 78M)
Batting: RHB Ernest Daniels 0-0: Swinging Strike
0-1: Ball
1-1: Foul Ball, location: 2F
1-2: Fly out, F7 (Flyball, 78S)
Batting: RHB Alejandro Serrato 0-0: Called Strike
0-1: Ball
1-1: Ball
2-1: Foul Ball, location: 2F
2-2: Strikes out swinging
Top of the 6th over - 0 runs, 1 hit, 0 errors, 1 left on base; Ottawa 8 - Ft. Polk South 2
BOTTOM OF THE 6TH
Ft. Polk South Thunder Hawks batting - Pitching for Ottawa Nationals : LHP Dong Zhào
Batting: RHB Luis Oliva 0-0: Ball
1-0: Foul Ball, location: 2F
1-1: Swinging Strike
1-2: Ball
2-2: Fly out, F8 (Flyball, 8RM)
Batting: LHB Tim Stinson 0-0: Foul Ball, location: 2F
0-1: Ball
1-1: Ball
2-1: Foul Ball, location: 2F
2-2: Ball
3-2: Foul Ball, location: 2F
3-2: Fly out, F5 (Popup, 56)
Batting: RHB Alejandro Santiago 0-0: Called Strike
0-1: Ball
1-1: SOLO HOME RUN (Flyball, 7D), Distance : 351 ft
Batting: RHB Chan-Wook Park 0-0: Ball
1-0: SINGLE (Line Drive, 4M)
Batting: LHB Ijsbrand Erkelens 0-0: Foul Ball, location: 2F
0-1: Fly out, F5 (Popup, 5)
Bottom of the 6th over - 1 run, 2 hits, 0 errors, 1 left on base; Ottawa 8 - Ft. Polk South 3
TOP OF THE 7TH
Ottawa Nationals batting - Pitching for Ft. Polk South Thunder Hawks : LHP César Vásquez
Batting: RHB Juan Román 0-0: Ball
1-0: Ball
2-0: Called Strike
2-1: Ball
3-1: Swinging Strike
3-2: Foul Ball, location: 2F
3-2: Base on Balls
Batting: LHB Jesús Mancía 0-0: Called Strike
0-1: Called Strike
0-2: Ball
1-2: Ball
2-2: Strikes out looking
Batting: RHB José García 0-0: Fielders Choice at 2nd, 1-6 (Groundball, 13S)
Batting: RHB Vincente Fuentes 0-0: Called Strike
José García steals 2nd base
0-1: Ball
1-1: Fly out, F8 (Flyball, 8LM)
Top of the 7th over - 0 runs, 0 hits, 0 errors, 1 left on base; Ottawa 8 - Ft. Polk South 3
BOTTOM OF THE 7TH
Ft. Polk South Thunder Hawks batting - Pitching for Ottawa Nationals : LHP Dong Zhào
Batting: LHB Dallas Ihde 0-0: Swinging Strike
0-1: SINGLE (Line Drive, 3D)
Batting: RHB Peter Feng 0-0: Foul Ball, location: 2F
0-1: Ground out 6-3 (Groundball, 6S)
Dallas Ihde to second
Batting: RHB Borja Berrios 0-0: Called Strike
0-1: Ball
1-1: Fly out, F7 (Flyball, 78D)
Batting: RHB Erik Sterk 0-0: Swinging Strike
0-1: Foul Ball, location: 2F
0-2: Ground out 6-3 (Groundball, 56)
Bottom of the 7th over - 0 runs, 1 hit, 0 errors, 1 left on base; Ottawa 8 - Ft. Polk South 3
TOP OF THE 8TH
Ottawa Nationals batting - Pitching for Ft. Polk South Thunder Hawks : LHP César Vásquez
Batting: RHB Jon Hounshell 0-0: Called Strike
0-1: Called Strike
0-2: Strikes out swinging
Batting: LHB Walt Lathon 0-0: Called Strike
0-1: Ball
1-1: Swinging Strike
1-2: Strikes out looking
Batting: RHB Mike Jennings 0-0: SOLO HOME RUN (Line Drive, 9D), Distance : 354 ft
Batting: RHB Ernest Daniels 0-0: Ball
1-0: Ball
2-0: Ball
3-0: Base on Balls
Batting: RHB Alejandro Serrato 0-0: Ball
1-0: Called Strike
1-1: Ball
2-1: Swinging Strike
2-2: Foul Ball, location: 2F
2-2: Ball
3-2: Foul Ball, location: 2F
3-2: Foul Ball, location: 2F
3-2: Fly out, F8 (Flyball, 8RD)
Top of the 8th over - 1 run, 1 hit, 0 errors, 1 left on base; Ottawa 9 - Ft. Polk South 3
BOTTOM OF THE 8TH
Ft. Polk South Thunder Hawks batting - Pitching for Ottawa Nationals : LHP Dong Zhào
Batting: RHB Luis Oliva 0-0: Foul Ball, location: 2F
0-1: Called Strike
0-2: Ball
1-2: Reached on error, E4 (Groundball, 4)
Pitching: RHP Ray Goolsby
Batting: LHB Tim Stinson 0-0: Ball
1-0: Ball
2-0: Ball
3-0: Base on Balls
Batting: RHB Alejandro Santiago 0-0: 3-RUN HOME RUN (Line Drive, 9LD), Distance : 335 ft
Pitching: RHP Martín García
Batting: RHB Chan-Wook Park 0-0: DOUBLE (Flyball, 8LXD)
Batting: LHB Ijsbrand Erkelens 0-0: Ball
1-0: Foul Ball, location: 2F
1-1: Ball
2-1: Foul Ball, location: 2F
2-2: Ground out 3-1 (Groundball, 34S)
Chan-Wook Park to third
Batting: LHB Dallas Ihde 0-0: Ball
1-0: Ball
2-0: Called Strike
2-1: Foul Ball, location: 2F
2-2: Ground out 4-3 (Groundball, 34)
Chan-Wook Park scores
Batting: RHB Peter Feng 0-0: Ball
1-0: Ball
2-0: Ball
3-0: Called Strike
3-1: Base on Balls
Batting: RHB Borja Berrios 0-0: Called Strike
0-1: Ball
1-1: Foul Ball, location: 2F
1-2: Strikes out swinging
Bottom of the 8th over - 4 runs, 2 hits, 1 error, 1 left on base; Ottawa 9 - Ft. Polk South 7
TOP OF THE 9TH
Ottawa Nationals batting - Pitching for Ft. Polk South Thunder Hawks : LHP César Vásquez
Batting: RHB Juan Román 0-0: Foul Ball, location: 2F
0-1: Ball
1-1: Swinging Strike
1-2: Foul Ball, location: 2F
1-2: Ball
2-2: Strikes out swinging
Batting: LHB Jesús Mancía 0-0: Ball
1-0: Foul Ball, location: 2F
1-1: Ball
2-1: Fly out, F7 (Flyball, 78D)
Batting: RHB José García 0-0: SINGLE (Line Drive, 7LM)
Pitching: RHP Tommy Rowe
Batting: RHB Vincente Fuentes 0-0: Fly out, F8 (Flyball, 8LD)
Top of the 9th over - 0 runs, 1 hit, 0 errors, 1 left on base; Ottawa 9 - Ft. Polk South 7
BOTTOM OF THE 9TH
Ft. Polk South Thunder Hawks batting - Pitching for Ottawa Nationals : RHP Martín García
Pitching: RHP Ed Maresh
Batting: RHB Erik Sterk 0-0: Foul Ball, location: 2F
0-1: Called Strike
0-2: Foul Ball, location: 2F
0-2: Ball
1-2: SINGLE (Line Drive, 6M)
Batting: RHB Luis Oliva 0-0: Ball
1-0: Fly out, F7 (Flyball, 7LS)
Batting: LHB Tim Stinson 0-0: Ball
1-0: Ball
2-0: Ball
3-0: Called Strike
3-1: Swinging Strike
3-2: Strikes out looking
Batting: RHB Alejandro Santiago 0-0: Ball
1-0: Foul Ball, location: 2F
1-1: Ball
2-1: Ball
3-1: Called Strike
3-2: Base on Balls
Erik Sterk to second
Batting: RHB Chan-Wook Park 0-0: SINGLE (Groundball, 34D)
Erik Sterk to third
Alejandro Santiago to second
Batting: LHB Ijsbrand Erkelens 0-0: Foul Ball, location: 2F
0-1: Ball
1-1: Called Strike
1-2: Fly out, F8 (Flyball, 8LS)
Bottom of the 9th over - 0 runs, 2 hits, 0 errors, 3 left on base; Ottawa 9 - Ft. Polk South 7
Sunday, March 18th, 2018 - OOTP Baseball 18.8 Build 76